Map: Dusty Gorge

Players

Nebucadnezar

  • Race: Terran Terran
  • League: Platinum
  • Spawn Location: 11:00

Xanhari

  • Race: Protoss Protoss
  • Spawn Location: 9:00

MonstroTown - Winner!

  • Race: Terran Terran
  • Spawn Location: 3:00

Michael - Winner!

  • Race: Zerg Zerg
  • League: Gold
  • Spawn Location: 5:00

VOD

Have the link to the VOD?

Description

Time

  • Played on: Sept. 16, 2018, 1:11 a.m.
  • Length: 14:39
Show
View Real Time Build Order
Export as new Build Order

Nebucadnezar Terran 

Build Orders: MMM Bio 

Get SALT Encoding   

  12  0:01  SCV  
  13  0:13  SCV  
  14  0:25  SCV  
  14  0:28  Supply Depot  
  15  0:33  Refinery  
  15  0:51  Barracks  
  15  0:57  Barracks  
  15  1:00  SCV  
  16  1:12  SCV  
  17  1:20  Supply Depot  
  17  1:24  SCV  
  18  1:37  SCV  
  18  1:38  Barracks Tech Lab  
  19  1:43  Refinery  
  19  1:47  Barracks Reactor  
  19  1:58  Marine  
  20  2:10  SCV  
  20  2:12  Combat Shields  
  21  2:16  Marine  
  21  2:18  Barracks  
  22  2:23  Marine x2  
  22  2:26  SCV  
  25  2:36  Marine  
  26  2:42  Marine  
  26  2:44  SCV  
  28  2:54  Marine  
  28  2:56  Factory  
  29  2:59  SCV  
  30  3:06  Marine  
  30  3:12  Supply Depot  
  31  3:25  Orbital Command  
  31  3:33  Marine x2  
  33  3:35  Supply Depot  
  33  3:48  Marine  
  33  3:51  Marine  
  33  3:55  Marine  
  36  3:58  Barracks Reactor  
  36  4:02  Factory Tech Lab  
  36  4:06  Factory Reactor, Supply Depot, Marine  
  37  4:10  Starport  
  37  4:41  Marine x4  
  37  4:42  Marine  
  37  4:44  Stimpack  
  42  4:53  Engineering Bay  
  42  5:01  Engineering Bay  
  42  5:08  Marine x3  
  42  5:10  Medivac  
  42  5:13  Medivac  
  49  5:17  Marine  
  50  5:42  Terran Infantry Weapons Level 1  
  50  5:47  Command Center  
  29  6:20  Marine x4  
  29  6:23  Marauder  
  33  6:27  Factory Tech Lab  
  33  6:29  Medivac x2  
  37  6:38  Marine x4  
  37  6:55  Marine  
  37  6:56  Marine x3  
  41  7:02  Marauder  
  43  7:13  Marine x2  
  43  7:14  Marine x2  
  47  7:24  Marauder  
  47  7:26  Orbital Command  
  49  7:31  Marine x2  
  49  7:34  Marine x2  
  53  7:45  SCV, Marauder  
  53  7:49  Marine  
  57  7:54  Marine x2  
  57  7:57  SCV  
  60  8:08  Siege Tank  
  60  8:09  SCV  
  60  8:10  Terran Infantry Armor Level 1  
  64  8:14  SCV  
  65  8:21  SCV  
  52  9:10  Marauder, Marine  
  52  9:11  Marine x3  
  55  9:28  Siege Tank  
  58  9:32  Marauder  
  56  9:47  Marine x2  
  54  9:53  Marauder  
  52  10:00  Siege Tank  
  51  10:14  Marine x4  
  51  10:15  Marauder  
  48  10:30  SCV x2  
  48  10:32  Marine x4  
  54  10:36  Marauder  
  54  10:42  SCV x2  
  46  10:57  Marauder  
  39  11:04  SCV  
  39  11:06  SCV  
  40  11:13  Marine x3  
  40  11:14  Marine  
  40  11:17  SCV  
  40  11:18  SCV  
  43  11:19  Marauder  
  43  11:22  Medivac  
  43  11:23  Armory, Medivac  
  48  11:31  Marine x3  
  48  11:32  Marine  
  51  11:40  Marauder  
  51  11:45  Command Center  
  53  11:49  Marine x3  
  53  11:50  Marine  
  53  11:52  SCV x2  
  59  12:01  Marauder  
  59  12:04  SCV  
  59  12:07  Marine  
  63  12:17  SCV x2  
  65  12:22  Refinery  
  65  12:23  Marauder, Marine, Refinery  
  65  12:24  Marine x2  
  70  12:30  Marine  
  70  12:31  Medivac x2  
  69  12:49  Marine  
  70  12:55  Supply Depot  
  70  12:56  Siege Tank, Marauder, Marine x3  
  70  12:57  Supply Depot  
  78  13:16  Medivac x2  
  78  13:18  Marauder, Marine x4  
  88  13:36  Marine x2  
  88  13:38  Marine x2  
  88  13:39  Marauder  
  94  13:54  Marine x2  
  96  13:56  Marine x2  
  96  14:01  Marauder  
Show
View Real Time Build Order
Export as new Build Order

Xanhari Protoss 

Build Orders: Oracle Opening 

Get SALT Encoding   

  1  0:00  Probe  
  13  0:07  Probe  
  14  0:18  Probe  
  15  0:23  Pylon  
  15  0:41  Probe  
  16  0:43  Gateway  
  16  0:44  Assimilator  
  16  0:53  Probe  
  17  0:58  Pylon  
  17  1:06  Probe  
  18  1:18  Probe  
  19  1:32  Cybernetics Core  
  19  1:36  Zealot  
  19  1:38  Probe  
  22  1:42  Pylon  
  22  1:49  Assimilator  
  22  1:50  Probe  
  22  2:02  Probe  
  23  2:10  Warp Gate  
  23  2:17  Probe  
  24  2:24  Stargate  
  24  2:25  Probe  
  25  2:33  Probe  
  26  2:57  Probe  
  26  2:58  Oracle  
  26  3:04  Zealot  
  32  3:25  Probe  
  33  3:29  Forge  
  32  3:43  Probe, Oracle  
  36  3:54  Gateway  
  36  4:04  Photon Cannon  
  36  4:41  Probe  
  37  4:50  Stargate  
  37  4:52  Protoss Air Weapons Level 1  
  37  4:53  Nexus  
  37  5:00  Pylon  
  37  5:07  Pylon  
  37  5:08  Zealot, Void Ray  
  37  5:09  Assimilator  
  39  5:16  Pylon  
  43  5:23  Zealot  
  45  5:29  Sentry  
  45  5:30  Probe  
  48  5:39  Assimilator  
  48  5:42  Probe  
  49  5:49  Phoenix  
  51  5:51  Probe  
  51  5:52  Phoenix  
  54  5:59  Probe  
  55  6:09  Probe  
  48  6:15  Zealot x2  
  50  6:36  Zealot  
  50  6:38  Stalker  
  54  6:54  Gateway x2  
  54  6:59  Zealot  
  56  7:02  Stalker  
  56  7:03  Phoenix  
  60  7:08  Phoenix  
  60  7:10  Probe  
  60  7:15  Probe  
  64  7:21  Photon Cannon  
  64  7:25  Photon Cannon  
  64  7:44  Zealot x2  
  66  7:53  Probe, Pylon  
  66  7:56  Gateway  
  66  7:58  Gateway  
  66  8:05  Probe  
  66  8:40  Zealot x4  
  74  8:43  Probe  
  74  8:48  Robotics Facility  
  75  8:50  Robotics Facility  
  75  8:51  Probe  
  76  8:58  Zealot x2  
  76  9:01  Probe  
  77  9:08  Zealot x4  
  66  9:13  Probe  
  63  9:19  Sentry x2  
  51  9:32  Void Ray  
  51  9:36  Zealot  
  59  9:47  Zealot  
  59  9:48  Zealot x2  
  59  9:52  Zealot  
  35  10:09  Probe  
  35  10:11  Zealot x2  
  40  10:17  Probe  
  40  10:19  Gateway  
  40  10:21  Gateway  
  37  10:38  Pylon  
  33  10:43  Pylon  
  33  10:56  Probe  
  34  11:08  Probe  
  29  11:20  Probe  
  30  11:29  Cybernetics Core  
  30  11:31  Zealot  
  30  11:32  Probe, Gateway  
  33  11:37  Gateway  
  31  11:44  Probe  
  32  11:48  Forge  
  32  12:14  Pylon  
  32  12:19  Twilight Council  
  32  12:24  Pylon  
  32  12:28  Charge  
  32  12:38  Zealot x4  
  40  12:59  Zealot x2  
  40  13:00  Zealot x2  
  48  13:20  Zealot  
  48  13:21  Zealot x3  
  48  13:25  Probe  
  57  13:50  Zealot x2  
  57  13:51  Zealot  
  63  14:02  Zealot  
  35  14:12  Zealot x3  
  39  14:24  Zealot  
Show
View Real Time Build Order
Export as new Build Order

MonstroTown Terran - Winner!

Build Orders: Reaper Expand, MMM Bio 

Get SALT Encoding   

  12  0:01  SCV  
  13  0:13  SCV  
  14  0:18  Supply Depot  
  14  0:25  SCV  
  15  0:40  SCV, Barracks  
  16  0:46  Refinery  
  16  0:52  SCV  
  17  1:04  SCV  
  18  1:16  SCV  
  19  1:28  Orbital Command  
  19  1:29  Reaper  
  20  1:47  Command Center  
  20  1:56  SCV  
  21  2:11  Barracks Reactor  
  21  2:14  SCV, Supply Depot, Refinery  
  22  2:26  Factory  
  21  2:40  Barracks  
  21  2:45  SCV  
  21  2:49  Marine x2  
  24  2:58  SCV  
  25  3:08  Marine x2  
  26  3:13  Engineering Bay  
  26  3:14  Factory Reactor  
  26  3:16  Starport  
  26  3:22  Orbital Command  
  26  3:25  SCV  
  27  3:28  Marine  
  27  3:31  Barracks Tech Lab  
  28  3:34  Marine  
  28  3:40  Missile Turret  
  29  3:48  Marine  
  30  3:50  SCV x2  
  30  3:52  Marine  
  33  3:58  Missile Turret  
  33  4:00  Starport Reactor  
  33  4:05  Marine x2  
  35  4:17  SCV x2  
  35  4:18  Refinery  
  35  4:22  Stimpack  
  37  4:27  Terran Infantry Weapons Level 1  
  37  4:29  SCV  
  38  4:44  Marauder, Marine x2  
  42  4:48  Widow Mine x2  
  46  5:01  Supply Depot  
  46  5:03  Supply Depot  
  46  5:14  Marine x2  
  46  5:15  Marauder, SCV x2, Medivac  
  54  5:23  Widow Mine x2  
  54  5:27  SCV  
  59  5:31  Engineering Bay  
  59  5:33  Marine x2  
  59  5:34  Armory  
  59  5:35  SCV  
  62  5:39  Marauder  
  64  5:51  Widow Mine x2  
  54  6:14  Marine  
  54  6:15  Marine x2  
  56  6:32  Marine  
  56  6:33  Marauder  
  56  6:34  Command Center  
  59  6:41  Barracks  
  59  6:43  Barracks  
  58  7:07  Marine x3  
  61  7:15  Terran Infantry Weapons Level 2  
  61  7:16  Terran Infantry Armor Level 1  
  61  7:17  Terran Ship Weapons Level 1  
  61  7:21  SCV x2  
  63  7:26  Marauder, Refinery  
  65  7:34  Barracks Reactor  
  65  7:35  Barracks Reactor  
  65  7:46  SCV x2  
  65  7:47  Marauder  
  65  7:48  Missile Turret  
  69  7:53  Marine x2  
  69  7:57  Orbital Command  
  71  8:02  Starport  
  71  8:04  Combat Shields  
  70  8:42  Command Center  
  66  8:53  Marine x4  
  66  8:54  Marine x3  
  58  8:57  Widow Mine x2  
  57  9:11  Marine x5  
  57  9:12  Marine x2  
  34  10:09  Marine  
  34  10:11  Marine  
  31  10:16  Marine x2  
  31  10:21  Marine  
  31  10:34  Supply Depot x2  
  31  10:38  Liberator  
  31  10:55  Command Center, Medivac x2, Marine x5  
  42  11:04  Command Center  
  42  11:08  Liberator  
  42  11:13  Marine  
  43  11:25  Missile Turret  
  45  11:28  SCV  
  46  11:33  Terran Infantry Weapons Level 3  
  46  11:38  Marine  
  47  11:43  Missile Turret  
  47  11:44  Supply Depot  
  47  11:45  Supply Depot  
  47  12:05  Marine x4  
  47  12:06  SCV  
  52  12:22  Liberator  
  52  12:38  Marine x5  
  60  12:49  Liberator  
  60  12:51  Orbital Command  
  60  12:52  Orbital Command  
  60  13:00  Marine x3  
  60  13:03  SCV  
  67  13:13  Factory Tech Lab  
  67  13:15  Barracks Tech Lab  
  67  13:24  SCV x3  
  70  13:35  Siege Tank  
  59  14:19  Marine x5  
Show
View Real Time Build Order
Export as new Build Order

Michael Zerg - Winner!

Build Orders: Hatch First 

Get SALT Encoding   

  12  0:01  Drone  
  13  0:12  Overlord  
  13  0:18  Drone  
  14  0:31  Drone x2  
  14  0:34  Drone  
  17  0:45  Drone  
  18  0:59  Hatchery  
  18  1:00  Drone  
  18  1:07  Extractor  
  17  1:16  Spawning Pool  
  16  1:20  Drone  
  16  1:22  Drone  
  18  1:35  Drone  
  19  1:43  Drone  
  20  1:49  Overlord  
  20  2:06  Queen  
  20  2:08  Metabolic Boost  
  22  2:11  Queen  
  22  2:12  Zergling x2  
  22  2:14  Zergling x2  
  26  2:27  Roach Warren  
  26  2:28  Drone  
  26  2:32  Drone  
  26  2:35  Drone  
  28  2:39  Zergling x2  
  28  2:42  Zergling x2  
  30  2:49  Drone x2  
  32  2:58  Queen  
  34  3:06  Extractor  
  34  3:09  Lair  
  33  3:18  Drone x3  
  36  3:27  Overlord  
  36  3:43  Overlord  
  36  3:51  Evolution Chamber  
  36  3:52  Spore Crawler  
  34  3:56  Spore Crawler  
  33  4:07  Drone x2  
  33  4:08  Hatchery  
  34  4:11  Drone  
  34  4:14  Drone  
  36  4:17  Drone  
  37  4:33  Overlord  
  37  4:34  Overlord  
  37  4:38  Roach x2  
  41  4:42  Roach  
  43  4:49  Drone  
  43  4:50  Hydralisk Den  
  43  4:56  Zerg Ground Armor Level 1  
  43  4:59  Drone  
  44  5:02  Drone  
  44  5:04  Drone  
  46  5:08  Drone  
  46  5:09  Drone  
  48  5:33  Hydralisk x5  
  58  5:36  Muscular Augments  
  58  5:42  Drone x3  
  61  5:48  Queen  
  63  5:55  Overlord  
  59  6:17  Roach x7  
  59  6:18  Roach  
  71  6:26  Roach  
  71  6:27  Overlord x2  
  69  6:45  Roach x3  
  69  6:46  Roach x4  
  75  6:49  Hydralisk  
  77  7:03  Queen  
  77  7:04  Queen  
  77  7:07  Drone  
  82  7:11  Overlord  
  82  7:14  Overlord x3  
  82  7:23  Zerg Ground Armor Level 2  
  82  7:29  Queen, Evolution Chamber  
  83  7:36  Hydralisk x2  
  87  7:37  Hydralisk  
  87  7:40  Hydralisk  
  91  7:46  Drone x2  
  91  7:47  Drone  
  91  7:51  Spore Crawler  
  93  8:02  Hydralisk x3  
  93  8:04  Hydralisk  
  101  8:16  Extractor, Drone x3  
  101  8:17  Overlord  
  101  8:18  Extractor  
  101  8:19  Overlord  
  102  8:22  Overseer  
  102  8:40  Hydralisk  
  102  8:41  Hydralisk x2  
  104  8:43  Zergling x12  
  112  9:08  Hydralisk x3  
  107  9:31  Hydralisk x3  
  106  9:33  Zergling x2  
  113  9:58  Hydralisk  
  113  10:00  Zergling x2  
  113  10:01  Overlord x5, Hatchery  
  113  10:20  Hydralisk x4  
  121  10:26  Hydralisk  
  121  10:28  Zergling x16  
  131  10:38  Hatchery  
  68  11:15  Hydralisk x5  
  72  11:24  Queen  
  72  11:30  Drone x10  
  82  11:37  Zergling x4  
  82  11:45  Hydralisk x2  
  86  11:52  Hydralisk x2  
  90  11:57  Zergling x4  
  90  11:58  Zergling x4  
  94  12:09  Drone x3  
  94  12:11  Drone x3  
  94  12:13  Drone x2  
  94  12:14  Drone x2  
  94  12:15  Drone x5  
  109  12:18  Extractor  
  109  12:19  Extractor  
  109  12:20  Queen  
  109  12:23  Drone  
  110  12:36  Hydralisk x4  
  112  12:37  Hydralisk  
  112  12:38  Hydralisk  
  122  12:52  Hydralisk  
  122  12:53  Hydralisk  
  122  12:57  Roach x2  
  122  12:58  Roach  
  132  13:01  Zergling x8  
  136  13:12  Spore Crawler  
  135  13:13  Spore Crawler x2  
  135  13:14  Spine Crawler  
  135  13:15  Spine Crawler  
  135  13:17  Spine Crawler  
  130  13:26  Infestation Pit  
  129  13:36  Hydralisk x5  
  129  13:38  Hydralisk  
  129  13:39  Hatchery  
  137  14:05  Hydralisk x5  
  141  14:12  Zergling x28  
  141  14:13  Zergling x2  
Tags
 
Add a new tag
Caveats
  • Supply blocks, unpowered buildings, or Contaminate may cause inaccurate times.
  • Supply counts are checked every 10 seconds.